 Dungeon Crawl Stone Soup version 0.31-a0-23-gcbde74481b (webtiles) character file.

Game seed: 12465312456700483646

114 pk666 the Magician (level 4, -3/24 HPs)
             Began as a Deep Elf Hedge Wizard on May 13, 2023.
             Slain by a cerulean imp
             ... wielding a +2 spear
             ... summoned by Natasha
              (5 damage)
             ... on level 2 of the Dungeon.
             The game lasted 00:06:41 (2078 turns).

pk666 the Magician (Deep Elf Hedge Wizard)          Turns: 2078, Time: 00:06:41

Health: -3/24      AC:  2    Str:  7    XL:     4   Next: 66%
Magic:  8/13       EV: 13    Int: 21    God:
Gold:   34         SH:  0    Dex: 20    Spells: 7/13 levels left

rFire   . . .        a - +0 dagger
rCold   . . .        (no shield)
rNeg    . . .        b - +0 robe
rPois   .            c - +0 hat
rElec   .            (no cloak)
rCorr   .            (no gloves)
SInv    .            (no boots)
Will    .....        (no amulet)
Stlth   ++           i - ring of wizardry
HPRegen 0.24/turn    k - +6 ring of dexterity
MPRegen 0.13/turn

%: wizardry (x1)
@: brilliant
A: no striking features
a: no special abilities


You were on level 2 of the Dungeon.
You visited 1 branch of the dungeon, and saw 3 of its levels.

You collected 34 gold pieces.

Inventory:

Hand Weapons
 a - a +0 dagger (weapon)
Armour
 b - a +0 robe (worn)
 c - a +0 hat (worn)
Jewellery
 i - a ring of wizardry (left hand)
 k - a +6 ring of dexterity (right hand)
Scrolls
 f - a scroll of enchant armour {unknown}
 g - a scroll of noise {unknown}
 h - a scroll of fear {unknown}
 m - a scroll of teleportation {unknown}
 n - a scroll of torment {unknown}
Potions
 d - a potion of magic
 e - a potion of brilliance
 j - a potion of curing {unknown}
 l - 2 potions of berserk rage {unknown}


   Skills:
 - Level 2.4 Dodging
 - Level 2.4 Stealth
 + Level 5.2 Spellcasting
 + Level 3.2 Conjurations
 - Level 1.1 Summonings
 - Level 1.9 Translocations
 + Level 1.0 Air Magic
 + Level 1.7 Poison Magic


You had 7 spell levels left.
You knew the following spells:

 Your Spells              Type           Power      Damage    Failure   Level
a - Magic Dart            Conj           100%       1d8       1%          1
b - Blink                 Tloc           40%        N/A       2%          2
c - Mephitic Cloud        Conj/Pois/Air  20%        N/A       6%          3

Your spell library contained the following spells:

 Spells                   Type           Power      Damage    Failure   Level
 Slow                     Hex            32%        N/A       4%          1
 Call Imp                 Summ           30%        N/A       4%          2
 Cigotuvi's Dreadful Rot  Necr/Pois/Air  26%        N/A       4%          2


Dungeon Overview and Level Annotations

Branches:
Dungeon (3/15)

Altars:

Annotations:
D:2 Natasha, Sigmund


Message History

Casting: Magic Dart (safe; 1% risk of failure)
Confirm with . or Enter, or press ? or * to list all spells.
Aiming: Magic Dart (safe; 1% risk of failure)
Press: ? - help, Shift-Dir - straight line, f/p - Sigmund
Aim: Sigmund, wielding a +0 scythe and wearing a +0 robe (confused, 100% to hit)
The magic dart hits Sigmund.
Sigmund is lightly wounded.
Natasha howls an incantation.
Natasha shimmers violently.
Sigmund mumbles something.
Casting: Magic Dart (safe; 1% risk of failure)
Confirm with . or Enter, or press ? or * to list all spells.
You don't have enough magic to cast this spell.
Natasha zaps a wand.
The puff of flame hits you!
Natasha mumbles some strange words.
Natasha's front paws start to glow.
Natasha stares at you and mumbles some strange words.
You resist with some effort.
Natasha zaps a wand.
The puff of flame hits you.
Natasha stares at you and mumbles some strange words.
The magic dart hits you!
* * * LOW HITPOINT WARNING * * *
Natasha zaps a wand.
The puff of flame misses you.
Natasha casts a spell.
Natasha stares at you and mumbles some strange words.
The magic dart hits you.
* * * LOW HITPOINT WARNING * * *
Natasha zaps a wand.
The puff of flame hits you.
* * * LOW HITPOINT WARNING * * *
It was a potion of brilliance.
You feel clever all of a sudden.
Things that are here:
a +0 sling; a hobgoblin corpse Natasha casts a spell.
The cerulean imp closely misses you.
Natasha casts a spell.
The cerulean imp hits you from afar with a +2 spear.
* * * LOW HITPOINT WARNING * * *
The cerulean imp hits you from afar with a +2 spear.
You die...

#.# #######.#
#.# #.# #5# #.#
#.# #.# #h# #.#
#.# #.##### #5#
#...... #.#
#.#.###
#@##########...#
#..............#
#############.##
#.# #.# #.# #.#
#.# .#


You could see Natasha and 2 cerulean imps.

Vanquished Creatures
  Natasha (D:2)
  Robin (D:2)
  3 adders (D:2)
  2 dart slugs
  8 ball pythons
  2 giant cockroaches (D:1)
  9 goblins
  8 hobgoblins
  A quokka (D:1)
  2 bats
  A frilled lizard (D:1)
  4 kobolds
  3 rats
45 creatures vanquished.

Notes
Turn   | Place    | Note
-------+----------+-------------------------------------------
     0 | D:1      | pk666 the Deep Elf Hedge Wizard began the quest for the
                  | Orb.
     0 | D:1      | Reached XP level 1. HP: 10/10 MP: 7/7
   197 | D:1      | Reached XP level 2. HP: 11/15 MP: 1/9
   266 | D:1      | Learned a level 2 spell: Blink
   843 | D:2      | Reached XP level 3. HP: 19/19 MP: 3/11
   908 | D:2      | Learned a level 3 spell: Mephitic Cloud
  1184 | D:2      | Noticed Natasha
  1365 | D:2      | Reached skill level 5 in Spellcasting
  1385 | D:2      | Reached skill level 1 in Poison Magic
  1521 | D:2      | Found a faded altar of an unknown god.
  1530 | D:2      | Reached XP level 4. HP: 24/24 MP: 8/13
  1599 | D:2      | Noticed Robin
  1609 | D:2      | Noticed Sigmund
  1743 | D:2      | Killed Natasha
  1811 | D:2      | Killed Robin
  1812 | D:2      | Reached skill level 1 in Air Magic
  2025 | D:2      | Noticed Natasha
  2052 | D:2      | HP: 1/24 [Natasha/puff of flame (6)]
  2075 | D:2      | HP: 1/24 [cerulean imp/+2 spear[Natasha] (5)]
  2078 | D:2      | Slain by a cerulean imp

Illustrated notes

Levels and vault maps discovered:
D:1:      onia_arrival_pyramid, layout_rooms
D:2:      layout_loops_ring, nicolae_ecumenical_snake_handling,
          chequers_serial_rivers_small_b, minmay_misc_feat_chi, st_stairs_14,
          minmay_strange_pillars, chequers_serial_rivers_large_b, uniq_robin,
          uniq_sigmund, uniq_natasha
D:3:      layout_basic, minmay_fractal_squares_diagonal_5

Skill      XL: |  1  2  3  4 |
---------------+-------------+-----
Conjurations   | 2 3 |  3.2
Spellcasting   | 5 |  5.2
Poison Magic   | 1 |  1.7
Air Magic      | 1 |  1.0
Dodging        | |  2.4
Stealth        | |  2.4
Summonings     | |  1.1
Translocations | |  1.9

Action                     |  1- 3 |  4- 6 || total
---------------------------+-------+-------++-------
  Melee: Dagger            |     7 |     2 ||     9
         Punch             |       |     1 ||     1
   Cast: Magic Dart        |    91 |    37 ||   128
         Mephitic Cloud    |     2 |     4 ||     6
         Blink             |     1 |       ||     1
    Use: Potion            |       |     1 ||     1
 Armour: Robe              |     6 |     1 ||     7
  Dodge: Dodged            |    13 |     3 ||    16

Table legend: (Time is in decaauts)
 A = Elapsed time spent in this place.
 B = Non-inter-level travel time spent in this place.
 C = Inter-level travel time spent in this place.
 D = Time resting spent in this place.
 E = Time spent auto-exploring this place.
 F = Levels seen in this place.
 G = Mean time per level.
                   A        B        C        D        E       F      G
               +--------+--------+--------+--------+--------+-----+--------+
         Total |   2079 |   2018 |     61 |    542 |   1087 |   3 |  693.0 |
       Dungeon |   2079 |   2018 |     61 |    542 |   1087 |   3 |  693.0 |
               +--------+--------+--------+--------+--------+-----+--------+

Top non-repeatable levels by time:
     D:2: 1089 daAuts
     D:1: 985 daAuts
     D:3: 3 daAuts
